 Dungeon Crawl Stone Soup version 0.30.1-1-g62c8e00024 (webtiles) character file.

Game seed: 13962016061281292705

46 cdecastro the Magician (level 3, 0/27 HPs)
             Began as a Djinni Ice Elementalist on July 16, 2023.
             Slain by a goblin
             ... wielding a +0 club
             ... led by Robin
              (6 damage)
             ... on level 2 of the Dungeon.
             The game lasted 00:06:24 (1815 turns).

cdecastro the Magician (Djinni Ice Elementalist)    Turns: 1815, Time: 00:06:25

Health: 0/27       AC:  2    Str:  7    XL:     3   Next: 95%
Gold:   108        EV: 12    Int: 20    God:
                   SH:  0    Dex: 15

rFire   + . .        p - +10 dagger "Repogh" {freeze, rF- Int+2 Dex+2}
rCold   x . .        (no shield)
rNeg    . . .        a - +0 robe
rPois   ∞            (no helmet)
rElec   .            (no cloak)
rCorr   .            (no gloves)
SInv    .            (boots unavailable)
Will    .....        k - amulet of magic regeneration
Stlth   ++           (no ring)
HPRegen 0.24/turn    (no ring)
MPRegen 0.00/turn

%: infuse magic (-1 HP)
@: flying
A: sickness immunity, fire resistance 2, cold vulnerability 1, float, innate
caster, HP casting, extra vitality 1
a: no special abilities


You were on level 2 of the Dungeon.
You visited 1 branch of the dungeon, and saw 3 of its levels.

You collected 108 gold pieces.

Inventory:

Hand Weapons
 p - the +10 dagger "Repogh" (weapon) {freeze, rF- Int+2 Dex+2}
   (You found it on level 2 of the Dungeon)

   Int:       It affects your intelligence (+2).
   Dex:       It affects your dexterity (+2).
   rF:        It makes you vulnerable to fire.
Missiles
 e - 4 poisoned darts
Armour
 a - a +0 robe (worn)
Jewellery
 k - an amulet of magic regeneration (around neck)
 q - a +6 ring of dexterity
Scrolls
 c - a scroll of magic mapping {unknown}
 d - a scroll of fog {unknown}
 h - 7 scrolls of identify {unknown}
 l - a scroll of vulnerability {unknown}
 m - a scroll of noise {unknown}
 n - a scroll of teleportation {unknown}
 o - a scroll of poison {unknown}
 r - a scroll of amnesia {unknown}
Potions
 b - a potion of magic {unknown}
 f - 2 potions of cancellation {unknown}
 g - a potion of resistance {unknown}
 i - 2 potions of lignification {unknown}
 j - 2 potions of heal wounds {unknown}


   Skills:
 + Level 1.5 Fighting
 - Level 2.1 Dodging
 - Level 1.5 Stealth
 * Level 3.9 Spellcasting


You knew the following spells:

 Your Spells              Type           Power      Damage    Failure   Level
a - Freeze                Ice            76%        1d8       2%          1
b - Frozen Ramparts       Ice            38%        1d6       8%          3
c - Ozocubu's Armour      Ice            19%        N/A       8%          3
d - Summon Ice Beast      Ice/Summ       19%        N/A       26%         4
e - Foxfire               Conj/Fire      76%        2x1d7     2%          1
Your spell library was empty.

Dungeon Overview and Level Annotations

Branches:
Dungeon (3/15)

Altars:

Annotations:
D:3 Robin


Innate Abilities, Weirdness & Mutations

You are immune to sickness and miasma.
You are immune to poison.
Your flesh is very heat resistant. (rF++)
You are vulnerable to cold. (rC-)
You float through the air rather than walking.
You learn spells naturally, not from books.
Your magical power is your life essence.
You have superior vitality. (+4 MHP)


Message History

The hobgoblin moves out of view.
You hear a shout!
Things that are here:
a +0 dagger; a bubbling red potion; a goblin corpse A goblin and 2 hobgoblins come into view.
The hobgoblin shouts!
A goblin comes into view. It is wielding a +0 dagger.
Robin says, "A pitiful Djinni like you will never find the ORB!"
Robin roars a battlecry!
The goblins go into a battle-frenzy!
The goblin moves out of view.
The hobgoblin barely misses you.
There is a stone staircase leading up here.
Unknown command.
Robin throws the goblin at you! The goblin closely misses you.
The goblin hits you with a +0 club.
You fly upwards.
There is a stone staircase leading down here.
Unknown command.
Unknown command.
Aiming: Freeze (safe; 2% risk of failure)
Press: ? - help, Q - select action, (/) - cycle Shift-Dir - straight line, f - hobgoblin
Aim: a hobgoblin (strong)
You freeze the hobgoblin.
The hobgoblin is heavily wounded.
The hobgoblin barely misses you. The goblin closely misses you.
The goblin misses you.
Aiming: Freeze (safe; 2% risk of failure)
Press: ? - help, Q - select action, (/) - cycle Shift-Dir - straight line, f/p - hobgoblin
Aim: a hobgoblin (heavily wounded, strong)
You freeze the hobgoblin.
The hobgoblin is severely wounded.
The hobgoblin hits you.
* * * LOW HITPOINT WARNING * * *
The goblin barely misses you. The goblin hits you with a +0 club.
* * * LOW HITPOINT WARNING * * *
You hit the hobgoblin. You freeze the hobgoblin.
You kill the hobgoblin!
The goblin barely misses you. The goblin hits you with a +0 club.
You die...

### ######.# #.......######. ..#
#......#########...####.....
#.####.##...........##.## #.###.
#......##...........##.#####.###.
#########.......>.....#.........#
#........#..##.#####.##.#
#..............# #.....
#........g.[...# ####.#
#.......@...##.# ###...
####....g..###÷#####.....
#................##.#..#
#.##.##.#........##.#...
#.##....#........##.#<##
#.##.##.#........##.#.##
#.##.##.#........##†....
#...............†.....##
###..............####.##


You could see 2 goblins.

Vanquished Creatures
  An adder (D:2)
  2 dart slugs
  3 endoplasms
  2 giant cockroaches
  A hobgoblin (D:2)
  A jackal (D:1)
  6 kobolds
  A quokka (D:3)
  4 ball pythons
  3 bats (D:1)
  3 frilled lizards (D:1)
  4 goblins
  5 rats
36 creatures vanquished.

Notes
Turn   | Place    | Note
-------+----------+-------------------------------------------
     0 | D:1      | cdecastro the Djinni Ice Elementalist began the quest for
                  | the Orb.
     0 | D:1      | cdecastro set off with the following spells memorised:
                  | Freeze, Frozen Ramparts, Ozocubu's Armour, Summon Ice
                  | Beast.
     0 | D:1      | Reached XP level 1. HP: 15/15 MP: 0/0
   133 | D:1      | Reached XP level 2. HP: 19/22 MP: 0/0
   460 | D:1      | Reached skill level 1 in Fighting
   678 | D:1      | Reached XP level 3. HP: 26/27 MP: 0/0
   678 | D:1      | Learned a level 1 spell: Foxfire
  1327 | D:2      | Identified the +10 dagger "Repogh" {freeze, rF- Int+2
                  | Dex+2}
  1807 | D:3      | Noticed Robin
  1815 | D:2      | Slain by a goblin

Illustrated notes

Levels and vault maps discovered:
D:1:      dpeg_arrival_fog, layout_basic, st_stairs_6,
          minmay_misc_feat_ornament, minmay_bisected
D:2:      layout_loops_cross
D:3:      layout_rooms, chequers_serial_rivers_large_a, minmay_goblin_outpost,
          uniq_robin

Skill      XL: |  1  2 |
---------------+-------+-----
Fighting       | 1 |  1.5
Dodging        | |  2.1
Stealth        | |  1.5
Spellcasting   | |  3.9

Action                     || total
---------------------------++-------
  Melee: Short sword       ||     3
         Dagger            ||    13
   Cast: Freeze            ||    35
   Stab: Sleeping          ||     3
 Armour: Robe              ||     8
  Dodge: Dodged            ||    22
